Unix NetHack Version 5.0.0-0 post-release - last build Jun 10 2026 00:39:30 (3ee93aec679c4c4259841fe613dc97188e26a321,branch:main).

Game began 2026-07-06 02:04:22, ended 2026-07-06 10:38:02.

Kwijibo4686, neutral female human Valkyrie

    --                    ---
   --.----              ---.--         ---     ----                   ------
   |.....|             --....-----------.-------..---------------------....---
   |....--     ----    |..*.............'@..%......*................--.......--
   --..--     --..|    --..--------......----------.....----------..^.........|
    --.|      |...|     --.|     --......         --....          -..`.......--
     |.|   ----..--      |.|   ---.......|         |...|         --..|..|....--
     |.|   |..(..|       |.|   |.........--    -------.|         |...|-.---...|
     |.|   |..|..---     |.|   |..........-   --.......|         --.--|..||..--
     |.|   |-.|-...|     |.|   --..........----.....--.---        |..---.---.--
     |.|  --..|---.|     |.---  --..........|............|--- -----...-|......|
   ---.----..-- --.---- --...|   |-<%...`..[|.--.........--.---........|----.--
  --....|...--  -.^...---....|  --.........[.)|-.---.............[.....|  --.|
  |.....*.---  |...--........-- |.)).[.......--..| |...................|  |..|
  --....---     -..|-----....>| |.-[.............-----.|........---....----..--
   |.....|       ---  --......----................|  --|.......-- |.....-|....|
   |.....---          |........--|................--   ---.-----  --.....|-..--
   --......--         --.[.-....||.................|     ---       ---..-|..--
    --......|          |.).....--|.......--.......--                 ----|..|
     ---.|.--          --------- ---.--.----.---.--                      ----
       -----                       ------  --- ---
Kwijibo4686 the Fighter     St:6 Dx:11 Co:18 In:8 Wi:11 Ch:10  Neutral
Dlvl:5  $:1435 HP:0(91) Pw:21(21) AC:3  Xp:9 T:8757 

Latest messages:
 The Mordor orc hits!
 You hit the Mordor orc.
 You hit the Mordor orc.
 You hit the Mordor orc.
 The Mordor orc hits!
 You hit the Mordor orc.
 You hit the Mordor orc.
 You miss the Mordor orc.
 You hit the Mordor orc.
 You kill the Mordor orc!
 $ - 6 gold pieces (1435 in total).
 There are several more objects here.
 O - a pair of iron shoes.
 You have a little trouble lifting an orcish chain mail.  Continue? [ynq] (q) y
 You have a little trouble lifting P - an orcish chain mail.
 Your movements are slowed slightly because of your load.
 What do you want to wear? [OP or ?*] ?
 You finish your dressing maneuver.
 You drop a pair of iron shoes.
 Your movements are now unencumbered.
 You see here a yellow gem.
 You see here a yellow gem.
 The snake bites!
 You hit the snake.
 You miss the snake.
 You hit the snake.
 The snake bites!
 You hit the snake.
 The snake just misses!
 The snake bites!
 You hit the snake.
 The snake misses!
 You hit the snake.
 The snake bites!
 You hit the snake.
 You hit the snake.
 The snake bites!
 You hit the snake.
 The snake bites!
 You miss the snake.
 The snake bites!
 You hit the snake.
 The snake bites!
 You kill the snake!
 You see here a snake corpse.
 You hit the rope golem.
 The rope golem hits!
 The rope golem hits again!
 You die...
 Do you want your possessions identified? [ynq] (y) q

Inventory:
 Coins    ('$')
  $ - 1435 gold pieces
 Armor    ('[')
  P - an uncursed +3 orcish chain mail (being worn)
 Comestibles  ('%')
  J - an uncursed slime mold
 Scrolls  ('?')
  X - a cursed scroll of amnesia
  j - an uncursed scroll of create monster
  F - an uncursed scroll of light
 Spellbooks  ('+')
  D - an uncursed spellbook of haste self
 Potions  ('!')
  B - a blessed potion of extra healing
  w - 2 uncursed potions of sleeping
 Wands    ('/')
  I - a wand of magic missile (0:6)
  N - a wand of magic missile (0:5)
  K - a wand of make invisible (0:4)
  G - a wand of teleportation (0:1)
 Tools    ('(')
  U - a cursed lock pick
  M - a +0 pick-axe
  W - an uncursed partly used tallow candle
  e - a +0 unicorn horn
 Gems/Stones  ('*')
  i - 2 uncursed luckstones

Kwijibo4686 the Valkyrie's attributes:

Background:
 You were a Fighter, a level 9 human Valkyrie.
 You were neutral, on a mission for Odin
 who was opposed by Tyr (lawful) and Loki (chaotic).
 You were right-handed.
 You were in the Gnomish Mines, on level 5.
 You entered the dungeon 8757 turns ago.
 You had 3565 experience points, 1555 more were needed to attain level 10.

Basics:
 You had 0 out of 91 hit points.
 You had all 21 energy points (spell power).
 Your armor class was 3.
 Your wallet contained 1435 zorkmids.
 Autopickup was on for '$?!/="' plus thrown.

Final Characteristics:
 Your strength was 6 (peak:18/01, limit:18/100).
 Your dexterity was 11 (limit:18).
 Your constitution was 18 (limit:18).
 Your intelligence was 8 (limit:18).
 Your wisdom was 11 (limit:18).
 Your charisma was 10 (limit:18).

Final Status:
 You weren't hungry.
 You were unencumbered.
 You were bare handed.
 You were skilled in bare handed combat.

Final Attributes:
 You were piously aligned.
 You were cold resistant.
 You were sleep resistant.
 You were telepathic.
 You were stealthy.
 You were warded.
 You were fast.
 You were lucky.
 You had extra luck.
 Bad luck did not time out for you.
 Good luck did not time out for you.
 You are dead.

Miscellaneous:
 You encountered 2 bones levels.
 Total elapsed playing time was 1 hour, 21 minutes and 59 seconds.

Major events:
 Turn
    1: Kwijibo4686 the neutral human Valkyrie entered the dungeon
  715: entered the Gnomish Mines
  753: attained the rank of Skirmisher (level 3)
 2178: reached Mine Town
 2244: attained the rank of Fighter (level 6)
 3207: made her first wish - "blessed +2 gray dragon scale mail", got "a gray dragon scale mail"
 4105: acquired the Mines' End luckstone
 8757: killed by a rope golem

You didn't know any spells.

Skills:
 Fighting Skills
   bare handed combat [Skilled]
   two weapon combat  [Unskilled]
   riding             [Unskilled]
 Weapon Skills
   dagger             [Basic]
   axe                [Unskilled]
   pick-axe           [Unskilled]
   short sword        [Unskilled]
   broadsword         [Unskilled]
   long sword         [Unskilled]
   two-handed sword   [Unskilled]
   saber              [Unskilled]
   hammer             [Unskilled]
   quarterstaff       [Unskilled]
   polearms           [Unskilled]
   spear              [Expert]
   trident            [Unskilled]
   lance              [Unskilled]
   sling              [Unskilled]
 Spellcasting Skills
   attack spells      [Unskilled]
   escape spells      [Unskilled]

Voluntary challenges:
 Character rerolling was not enabled.
 You were illiterate.
 You never genocided any monsters.
 You never polymorphed an object.
 You never changed form.
 You used 1 wish.
 You did not wish for any artifacts.
Achievements:
 You entered the Gnomish Mines.
 You attained the rank of Skirmisher.
 You entered a shop.
 You entered Minetown.
 You attained the rank of Fighter.
 You entered a temple.
 You completed the Gnomish Mines.

 The Dungeons of Doom: levels 1 to 4
    Level 1:
       Some fountains.
    Level 2:
       A fountain.
       Stairs down to The Gnomish Mines.
    Level 3:
       A general store, a sink.
    Level 4:
       A general store, a sink.
 The Gnomish Mines: levels 3 to 10
    Level 3:
    Level 4: "bone to clean"
       Some graves.
       Final resting place for
          Wizzard5-Wiz-Elf-Fem-Cha, killed by a hill orc,
          mwm11235-Wiz-Hum-Mal-Neu, killed by a hill orc.
    Level 5: <- You were here.
       Final resting place for
          you, killed by a rope golem.
    Level 6:
       Many shops, a temple and an altar, some fountains.
    Level 7:
       A grave.
       Final resting place for
          poiuztrewq-Wiz-Elf-Fem-Cha, killed by a fire ant.
    Level 8:
    Level 9:
    Level 10:


Vanquished creatures:
  2 ghosts
  a giant mimic
 an ettin zombie
  a leprechaun
 an orc-captain
 an iron piercer
  2 giant spiders
  3 gnome rulers
  a dwarf mummy
 an owlbear
  2 yetis
  a werewolf
  2 lizards
  a dingo
  a dog
  2 white unicorns
  2 snakes
  2 human zombies
  3 Woodland-elves
  2 fire ants
  a bugbear
 an imp
  2 quasits
  a water nymph
 12 Mordor orcs
 18 Uruk-hai
  2 orc shamans
  2 rock piercers
  3 rock moles
  a pony
  3 yellow lights
  a violet fungus
 14 gnome leaders
  5 gnomish wizards
  a kobold mummy
  a barrow wight
  a ghoul
  a straw golem
  5 giant ants
  4 floating eyes
 14 dwarves
  a kobold shaman
  8 hill orcs
  9 rothes
  2 rabid rats
 an orc zombie
  a werejackal
  3 iguanas
  a gas spore
  5 hobbits
  4 manes
  a hobgoblin
  3 giant rats
  a yellow mold
  a green mold
 44 gnomes
  6 garter snakes
  2 geckos
  4 jackals
  a fox
  2 goblins
  7 grid bugs
  a bat
  4 lichens
  4 kobold zombies
 11 newts
252 creatures vanquished.

No species were genocided or became extinct.

Game over:
                       ----------
                      /          \
                     /    REST    \
                    /      IN      \
                   /     PEACE      \
                  /                  \
                  |   Kwijibo4686    |
                  |     1435 Au      |
                  | killed by a rope |
                  |      golem       |
                  |                  |
                  |                  |
                  |       2026       |
                 *|     *  *  *      | *
        _________)/\\_//(\/(/\)/\//\/|_)_______

Farvel Kwijibo4686 the Valkyrie...

You died in The Gnomish Mines on dungeon level 5 with 16002 points,
and 1435 pieces of gold, after 8757 moves.
You were level 9 with a maximum of 91 hit points when you died.

